 Dungeon Crawl Stone Soup version 0.28.0-53-g5a82cb258f (webtiles) character file.

Game seed: 10159328919368511960

2772 Zeld the Geomancer (level 9, -10/45 HPs)
             Began as a Gargoyle Earth Elementalist on May 26, 2022.
             Was a Follower of Vehumet.
             Shot with an arrow by a centaur (11 damage)
             ... on level 8 of the Dungeon.
             The game lasted 00:08:53 (9868 turns).

Zeld the Geomancer (Gargoyle Earth Elementalist)    Turns: 9868, Time: 00:08:54

Health: -10/45     AC: 11    Str: 12    XL:     9   Next: 70%
Magic:  10/20      EV: 11    Int: 20    God:    Vehumet [*.....]
Gold:   406        SH:  0    Dex: 10    Spells: 13/23 levels left

rFire   . . .      SeeInvis .   (no weapon)
rCold   . . .      Faith    .   (no shield)
rNeg    + . .      Spirit   .   b - +0 robe
rPois   ∞          Reflect  .   q - +0 helmet
rElec   +          Harm     .   x - +0 cloak
rCorr   .          Rampage  .   (no gloves)
Will    .....                   n - +0 pair of boots
Stlth   ++........              (no amulet)
HPRegen 0.15/turn               (no ring)
MPRegen 0.17/turn               (no ring)

@: no status effects
A: sickness immunity, AC +6, negative energy resistance 1, electricity
resistance, torment resistance 1, petrification resistance
a: Renounce Religion


You were on level 8 of the Dungeon.
You worshipped Vehumet.
Vehumet was aware of your devotion.
You visited 2 branches of the dungeon, and saw 9 of its levels.

You collected 406 gold pieces.

Inventory:

Missiles
 v - 125 stones
Armour
 b - a +0 robe (worn)
 n - a +0 pair of boots (worn)
 q - a +0 helmet (worn)
 x - a +0 cloak (worn)
Wands
 c - a wand of digging (3)
Scrolls
 a - 2 scrolls of fear
 h - 4 scrolls of magic mapping
 k - a scroll of enchant weapon
 m - a scroll of teleportation
 o - a scroll of identify
 p - 2 scrolls of amnesia {unknown}
 t - a scroll of noise {unknown}
 u - a scroll of blinking {unknown}
 w - a scroll of holy word {unknown}
Potions
 d - a potion of haste {unknown}
 e - a potion of degeneration {unknown}
 f - a potion of mutation {unknown}
 g - a potion of magic {unknown}
 i - a potion of flight {unknown}
 j - a potion of cancellation {unknown}
 l - 2 potions of brilliance {unknown}
 r - a potion of might {unknown}
 s - 4 potions of curing {unknown}
 z - 3 potions of heal wounds {unknown}


   Skills:
 - Level 1.5 Dodging
 - Level 2.1 Stealth
 * Level 7.9 Spellcasting
 + Level 5.2 Conjurations
 - Level 2.0 Transmutations
 * Level 10.6 Earth Magic


You had 13 spell levels left.
You knew the following spells:

 Your Spells              Type           Power      Damage    Failure   Level
a - Sandblast             Erth           100%       2d20      1%          1
b - Passwall              Tmut/Erth      27%        N/A       1%          2
c - Stone Arrow           Conj/Erth      78%        3d11      1%          3
d - Petrify               Tmut/Erth      33%        N/A       6%          4

Your spell library contained the following spells:

 Spells                   Type           Power      Damage    Failure   Level
 Foxfire                  Conj/Fire      72%        2x1d7     3%          1
 Static Discharge         Conj/Air       18%        N/A       4%          2
 Lightning Bolt           Conj/Air       9%         1d21      63%         5
 Maxwell's Capacitive Co  Air            3%         ∞         100%        8


Dungeon Overview and Level Annotations

Branches:
Dungeon (8/15)             Temple (1/1) D:4
   Lair: D:8-11

Altars:
Cheibriados
Dithmenos
Elyvilon
Fedhas
Hepliaklqana
Makhleb
Nemelex Xobeh
Okawaru
Ru
Sif Muna
Trog
Uskayaw
Vehumet
Xom
Yredelemnul
The Shining One

Annotations:
D:4 3 runed translucent doors, Zeld's ghost, amateur TeAE
D:7 2 transporters, Danswan24's ghost, novice MiMo


Innate Abilities, Weirdness & Mutations

You are immune to sickness and miasma.
Your stone body is resilient. (AC +6)
You are immune to poison.
You resist negative energy. (rN+)
You are resistant to electric shocks. (rElec)
You are resistant to unholy torment.
You are immune to petrification.


Message History

The orc shouts!
An orc wizard comes into view. It is wielding a +0 dagger.
A centaur comes into view.
Casting: Stone Arrow (safe; 1% risk of failure)
Confirm with . or Enter, or press ? or * to list all spells.
Aiming: Stone Arrow (safe; 1% risk of failure)
Press: ? - help, Shift-Dir - straight line, f - orc
Aim: an orc, wielding a +0 hand axe and wearing a +0 leather armour (74% to hit)
The stone arrow misses the orc.
The centaur shouts!
The centaur wields a +0 shortbow.
The centaur shoots an arrow.
The arrow hits you but does no damage.
Unknown command.
Casting: Stone Arrow (safe; 1% risk of failure)
Confirm with . or Enter, or press ? or * to list all spells.
Aiming: Stone Arrow (safe; 1% risk of failure)
Press: ? - help, Shift-Dir - straight line, f/p - orc
Aim: an orc, wielding a +0 hand axe and wearing a +0 leather armour (74% to hit)
The stone arrow hits the orc!
You kill the orc!
Vehumet accepts your kill.
The centaur shoots an arrow.
The arrow barely misses you.
The orc wizard gestures at you while chanting.
The magic dart hits you.
The centaur shoots an arrow.
The arrow closely misses you.
The centaur shoots an arrow.
The arrow hits you! Something hits you.
Deactivating autopickup; reactivate with Ctrl-A.
Something hits you!
The centaur shoots an arrow.
The arrow closely misses you.
The centaur shoots an arrow.
The arrow hits you. Something hits you.
* * * LOW HITPOINT WARNING * * *
The centaur shoots an arrow.
The arrow barely misses you. Something barely misses you.
The centaur shoots an arrow.
The arrow hits you!
* * * LOW HITPOINT WARNING * * *
The orc wizard points at you and mumbles some strange words.
The magic dart hits you.
* * * LOW HITPOINT WARNING * * *
Something hits you but does no damage.
The centaur shoots an arrow.
The arrow hits you!
You die...

....#....#........
................#
#.......!.......#
#.........$..#...
.............#..
##.........#..#
#...#....#.#{###
.........##....#
..##..@..#...)......
#...##c[...)...(.
##..........)....
###<##.........#
#......##.....
#..#...# ....#
.##.... ..#.# ..


You could see a centaur.

Vanquished Creatures
  Sigmund (D:3)
  A wyvern (D:7)
  A steam dragon (D:6)
  Menkaure (D:4)
  2 water moccasins (D:7)
  Duvessa (D:6)
  Pargi (D:3)
  A black bear (D:7)
  2 ice beasts
  2 ogres (D:6)
  An orc warrior (D:6)
  A centaur (D:7)
  4 bullfrogs
  3 scorpions
  A water moccasin skeleton (D:5)
  Dowan (D:6)
  2 hounds
  Crazy Yiuf (D:4)
  2 bullfrog zombies
  A jelly (D:7)
  A centaur skeleton (D:7)
  A gnoll shaman (D:6)
  Jessica (D:3)
  3 orc wizards
  2 iguanas (D:6)
  Robin (D:4)
  8 adders
  5 gnolls
  A shadow imp (D:5)
  4 white imps
  A worm (D:2)
  A dart slug (D:5)
  14 orcs
  7 ball pythons
  4 bats
  5 endoplasms
  2 giant cockroaches
  10 goblins
  7 hobgoblins
  2 quokkas
  3 frilled lizards
  11 kobolds
  2 rats
126 creatures vanquished.

Vanquished Creatures (others)
  3 fungi (D:4)
  A plant (D:4)
4 creatures vanquished.

Grand Total: 130 creatures vanquished

Notes
Turn   | Place    | Note
-------+----------+-------------------------------------------
     0 | D:1      | Zeld the Gargoyle Earth Elementalist began the quest for
                  | the Orb.
     0 | D:1      | Reached XP level 1. HP: 10/10 MP: 3/3
   136 | D:1      | Reached skill level 1 in Transmutations
   136 | D:1      | Reached XP level 2. HP: 15/15 MP: 0/5
   139 | D:1      | Learned a level 2 spell: Passwall
   208 | D:1      | Found a faded altar of an unknown god.
   228 | D:1      | Reached skill level 4 in Earth Magic
   870 | D:2      | Reached XP level 3. HP: 19/19 MP: 3/6
   874 | D:2      | Learned a level 3 spell: Stone Arrow
  1120 | D:2      | Reached XP level 4. HP: 22/24 MP: 0/8
  1476 | D:3      | Noticed Jessica
  1481 | D:3      | Killed Jessica
  1760 | D:3      | Noticed Pargi
  1767 | D:3      | Killed Pargi
  1768 | D:3      | Reached skill level 5 in Earth Magic
  1768 | D:3      | Reached XP level 5. HP: 28/28 MP: 0/10
  2052 | D:3      | Noticed Sigmund
  2759 | D:3      | Killed Sigmund
  2760 | D:3      | Reached skill level 6 in Earth Magic
  2760 | D:3      | Reached XP level 6. HP: 32/32 MP: 7/12
  2767 | D:3      | Learned a level 4 spell: Petrify
  3312 | D:4      | Found a runed translucent gate.
  3312 | D:4      | Found a runed translucent gate.
  3312 | D:4      | Found a runed translucent gate.
  3312 | D:4      | Noticed Zeld's ghost (amateur TeAE)
  3341 | D:4      | Found a staircase to the Ecumenical Temple.
  3373 | Temple   | Entered the Ecumenical Temple
  3450 | Temple   | Became a worshipper of Vehumet
  3496 | D:4      | Found a runed translucent door.
  3497 | D:4      | Noticed Crazy Yiuf
  3535 | D:4      | Noticed Menkaure
  3540 | D:4      | Killed Menkaure
  3541 | D:4      | Reached skill level 1 in Conjurations
  3541 | D:4      | Reached XP level 7. HP: 36/36 MP: 0/14
  4015 | D:4      | Noticed Robin
  4040 | D:4      | Killed Robin
  4242 | D:4      | You fall into a shaft and drop 2 floors!
  4446 | D:6      | Reached skill level 5 in Spellcasting
  4446 | D:6      | Reached skill level 7 in Earth Magic
  4567 | D:6      | Noticed Dowan
  4699 | D:5      | Entered Level 5 of the Dungeon
  5899 | D:4      | Killed Crazy Yiuf
  6092 | D:5      | Reached XP level 8. HP: 41/41 MP: 9/16
  6093 | D:5      | Reached * piety under Vehumet
  6093 | D:5      | Offered knowledge of Foxfire by Vehumet.
  6290 | D:5      | Found a sacrificial altar of Ru.
  6606 | D:5      | Reached skill level 8 in Earth Magic
  7678 | D:6      | Reached skill level 9 in Earth Magic
  7908 | D:6      | Noticed Duvessa
  8004 | D:6      | Killed Duvessa
  8005 | D:6      | Reached XP level 9. HP: 45/45 MP: 4/19
  8099 | D:6      | Killed Dowan
  8838 | D:7      | Found a transporter.
  8853 | D:7      | Noticed Danswan24's ghost (novice MiMo)
  8863 | D:7      | Found a transporter.
  8865 | D:7      | Noticed a moth of wrath
  8874 | D:7      | Reached skill level 10 in Earth Magic
  9422 | D:7      | Reached skill level 5 in Conjurations
  9819 | D:7      | Found a sparkling altar of Nemelex Xobeh.
  9865 | D:8      | HP: 1/45 [orc wizard/magic dart (4)]
  9868 | D:8      | Shot with an arrow by a centaur

Illustrated notes

Levels and vault maps discovered:
D:1:      amcnicky_arrival_double_pillar, layout_basic,
          shapermc_ecumenical_altar_mp_highgroup
D:2:      layout_rooms, minmay_pentomino_t4
D:3:      layout_basic, glass_columns_b, minmay_misc_feat_pillars,
          nicolae_underground_beach, uniq_sigmund, uniq_jessica, uniq_pargi
D:4:      layout_layer_cave, temple_fountains, gammafunk_ghost_nasty_kobolds,
          minmay_misc_feat_rows, uniq_menkaure, uniq_crazy_yiuf_cottage,
          uniq_robin
D:5:      layout_loops_ring, nicolae_ru_sacrificial_ziggurat,
          corexii_leaking_fountain
D:6:      layout_layer_cave, grunt_decor_junction, uniq_duvessa
D:7:      layout_rooms, gammafunk_ghost_berserking_beasts,
          kennysheep_flooded_box
D:8:      layout_cave_pools, minmay_lizard_king
Temple:   eino_temple_lava

Skill      XL: |  1  2  3  4  5  6  7  8  9 |
---------------+----------------------------+-----
Transmutations | 1 2 |  2.0
Earth Magic    | 4 5 6 7 9 10 | 10.6
Spellcasting   | 3 4 5 6 7 |  7.9
Conjurations   | 1 2 4 5 |  5.2
Dodging        | |  1.5
Stealth        | |  2.1

Action                   |  1- 3 |  4- 6 |  7- 9 || total
-------------------------+-------+-------+-------++-------
Melee: Unarmed           |     9 |    18 |     8 ||    35
       Punch             |       |     2 |     1 ||     3
 Cast: Sandblast         |    42 |    32 |    21 ||    95
       Stone Arrow       |       |    11 |   115 ||   126
  Use: Scroll            |       |       |     5 ||     5
 Stab: Sleeping          |       |     1 |       ||     1
Armor: Robe              |     6 |    11 |    27 ||    44
Dodge: Dodged            |    23 |    20 |    47 ||    90
